 Dungeon Crawl Stone Soup version 0.32-a0-814-g0968bab981 (webtiles) character file.

Game seed: 7000629155678541147

95 dialectric the Shooter (level 4, -1/37 HPs)
             Began as a Demigod Hunter on Mar 22, 2024.
             Hit by a goblin thrown by Robin (3 damage)
             ... on level 2 of the Dungeon.
             The game lasted 00:01:24 (1407 turns).

dialectric the Shooter (Demigod Hunter)             Turns: 1407, Time: 00:01:24

Health: -1/37      AC:  3    Str: 16    XL:     4   Next: 17%
Magic:  6/6        EV: 11    Int: 11    God:
Gold:   82         SH:  0    Dex: 17    Spells: 3/3 levels left

rFire   . . .        a - +0 shortbow
rCold   . . .        (shield currently unavailable)
rNeg    . . .        c - +0 leather armour
rPois   .            (no helmet)
rElec   .            (no cloak)
rCorr   .            (no gloves)
SInv    .            (no boots)
Will    +....        (no amulet)
Stlth   ++           h - ring of willpower
HPRegen 0.26/turn    (no ring)
MPRegen 0.10/turn

%: no passive effects
@: no status effects
A: high MP 1, forlorn, divine attributes
a: no special abilities


You were on level 2 of the Dungeon.
You visited 1 branch of the dungeon, and saw 2 of its levels.

You collected 82 gold pieces.

Inventory:

Hand Weapons
 a - a +0 shortbow (weapon)
Armour
 c - a +0 leather armour (worn)
Jewellery
 h - a ring of willpower (left hand)
Wands
 i - a wand of mindburst (9)
Scrolls
 b - a scroll of butterflies
 f - a scroll of identify {unknown}
 j - a scroll of revelation {unknown}
 k - a scroll of fog {unknown}
Potions
 d - a potion of attraction {unknown}
 e - a potion of lignification {unknown}
 g - a potion of degeneration {unknown}


   Skills:
 + Level 2.5 Fighting
 * Level 4.5 Ranged Weapons
 + Level 2.5 Dodging
 - Level 1.4 Stealth


You had 3 spell levels left.
You didn't know any spells.
Your spell library was empty.

Dungeon Overview and Level Annotations

Branches:
Dungeon (2/15)

Annotations:
D:2 Robin


Innate Abilities, Weirdness & Mutations

You have an increased reservoir of magic. (+10% MP)
You shall have no god before yourself.
Your divine heritage dramatically boosts your attributes as you level up.


Message History

You shoot an arrow. The arrow hits Robin!
Robin is almost dead.
The goblin no longer looks unusually strong.
The goblin hits you with a +0 dagger. The goblin barely misses you.
Robin hits you with a +0 dagger. The goblin closely misses you.
The goblin hits you with a +0 dagger. The goblin completely misses you.
The goblin closely misses you.
Robin roars a battlecry!
The goblin goes into a battle-frenzy!
The hobgoblin hits you.
The goblin no longer looks unusually strong. x2
Robin throws the goblin at you!
You shoot an arrow. The arrow barely misses the goblin.
The goblin hits you with a +0 dagger.
Robin's horned helmet rattles.
The goblin hits you with a +0 club.
You shoot an arrow. The arrow hits the goblin.
You kill the goblin!
The hobgoblin hits you.
* * * LOW HITPOINT WARNING * * *
The goblin hits you but does no damage. The goblin closely misses you. x2
The hobgoblin no longer looks unusually strong.
The goblin no longer looks unusually strong.
The hobgoblin attacks as it pursues you!
The hobgoblin hits you but does no damage.
Robin misses you. The goblin hits you with a +0 dagger.
* * * LOW HITPOINT WARNING * * *
Unknown command.
The hobgoblin no longer looks unusually strong.
The hobgoblin attacks as it pursues you!
The hobgoblin hits you.
* * * LOW HITPOINT WARNING * * *
Robin throws the goblin at you!
* * * LOW HITPOINT WARNING * * *
Unknown command.
You shoot an arrow. The arrow hits the goblin!
You kill the goblin!
Robin throws the goblin at you!
You die...
Robin says, "And that's why I'm the boss."

......)##.###†.# #..............
.......##.###..####...######.....
.[.....##.............# #.....
############.#.####...# #.....
#.#..###...# #..... #..........#
#..... #####.##...# #.....
#)##...######.....
#@g........##.....
#ggg)......##.....
).#####..÷......######.
..)).$.g........# #.
.............#########.
.............# #....#.
.............####.##.#.
..................##.#.
.............####......


You could see Robin, 2 hobgoblins and 2 goblins.

Vanquished Creatures
  Jessica (D:2)
  An adder (D:2)
  A dart slug (D:2)
  4 ball pythons
  7 endoplasms
  2 giant cockroaches (D:1)
  11 goblins
  7 hobgoblins
  4 jackals (D:1)
  A quokka (D:2)
  6 bats
  A frilled lizard (D:1)
  A kobold (D:1)
  7 rats
54 creatures vanquished.

Notes
Turn   | Place    | Note
-------+----------+-------------------------------------------
     0 | D:1      | dialectric the Demigod Hunter began the quest for the Orb.
     0 | D:1      | Reached XP level 1. HP: 17/17 MP: 3/3
   122 | D:1      | Reached skill level 1 in Stealth
   245 | D:1      | Reached XP level 2. HP: 24/24 MP: 4/4
   469 | D:1      | Reached skill level 4 in Ranged Weapons
   816 | D:1      | Reached XP level 3. HP: 29/29 MP: 5/5
  1062 | D:2      | Identified the +1 ring mail of the Ladybird {+Inv rPois
                  | rC++ Int-4}
  1187 | D:2      | Noticed Jessica
  1189 | D:2      | Killed Jessica
  1218 | D:2      | Reached XP level 4. HP: 37/37 MP: 6/6
  1388 | D:2      | Noticed Robin
  1407 | D:2      | Hit by a goblin thrown by Robin

Illustrated notes

Levels and vault maps discovered:
D:1:      dpeg_chamrin_arrival_tetris, layout_basic
D:2:      layout_basic, basic_altar, uniq_jessica, uniq_robin

Skill      XL: |  1  2 |
---------------+-------+-----
Stealth        | 1 |  1.4
Fighting       | 2 |  2.5
Dodging        | 2 |  2.5
Ranged Weapons | 4 |  4.5

Action                     |  1- 3 |  4- 6 || total
---------------------------+-------+-------++-------
   Fire: Shortbow          |   105 |    28 ||   133
 Armour: Leather armour    |    25 |    22 ||    47
  Dodge: Dodged            |    16 |    11 ||    27

Table legend: (Time is in decaauts)
 A = Elapsed time spent in this place.
 B = Non-inter-level travel time spent in this place.
 C = Inter-level travel time spent in this place.
 D = Time resting spent in this place.
 E = Time spent auto-exploring this place.
 F = Levels seen in this place.
 G = Mean time per level.
                   A        B        C        D        E       F      G
               +--------+--------+--------+--------+--------+-----+--------+
         Total |   1438 |   1399 |     39 |      0 |   1160 |   2 |  719.0 |
       Dungeon |   1438 |   1399 |     39 |      0 |   1160 |   2 |  719.0 |
               +--------+--------+--------+--------+--------+-----+--------+

Top non-repeatable levels by time:
     D:1: 1029 daAuts
     D:2: 408 daAuts
